 Dungeon Sprint DCSS version 0.17-a0-1446-gc28613e (webtiles) character file.

65 hexophile the Firebug (level 4, 0/36 HPs)
             Began as a Naga Fire Elementalist on June 28, 2015.
             Was a Believer of Cheibriados.
             Slain by an unseen horror (5 damage)
             ... in the Dungeon (Sprint IX: "|||||||||||||||||||||||||||||").
             The game lasted 00:04:12 (476 turns).

hexophile the Firebug (Naga Fire Elementalist)       Turns: 476, Time: 00:04:12

Health: 0/36       AC:  3    Str: 16    XL:     4   Next: 13%
Magic:  5/9        EV: 10    Int: 22    God:    Cheibriados [**....]
Gold:   0          SH:  0    Dex: 18    Spells: 1 memorised, 9 levels left

rFire  . . .     SeeInvis +     t - +2 halberd (venom)
rCold  . . .     Clarity  .     a - +0 robe
rNeg   . . .     SustAt   .     (no shield)
rPois  +         Gourm    .     r - +0 helmet
rElec  .         Spirit   .     (no cloak)
rCorr  .         Warding  .     (no gloves)
rMut   .         NoTele   +     (no barding)
MR     .....                    (no amulet)
Stlth  +++.......               (no ring)
                                (no ring)

@: very slow, not resistant to hostile enchantments, fairly stealthy
A: see invisible, deformed body, poison resistance, slowness 2, slow metabolism
1, spit poison 2, AC +1
a: Spit Poison, Bend Time, Renounce Religion


You were in the Dungeon.
You worshipped Cheibriados.
Cheibriados was pleased with you.
You were not hungry.

You visited 1 branch

Inventory:

Hand weapons
 s - the +8 mithril axe "Arga" {speed, MR+ Str+2}
   (You found it in the Dungeon)

   Attacks with this weapon are significantly faster.
   It affects your strength (+2).
   It affects your resistance to hostile enchantments.
   Cheibriados disapproves of the use of such an item.
 t - a +2 halberd of venom (weapon)
Armour
 a - a +0 robe (worn)
 q - a +1 chain mail
 r - a +0 helmet (worn)
Jewellery
 o - a +3 ring of strength
 p - a +2 ring of evasion
Magical devices
 n - a wand of cold (5)
Scrolls
 i - 2 scrolls of blinking
 l - 3 scrolls of remove curse
 m - 2 scrolls of amnesia
Potions
 d - 5 potions of curing
 e - 3 potions of heal wounds
 f - a potion of haste
 g - 4 potions of magic
 h - a potion of berserk rage
 k - a potion of invisibility
Books
 b - a book of Flames

   Spells                             Type                      Level
   a - Flame Tongue                   Conjuration/Fire             1
   b - Throw Flame                    Conjuration/Fire             2
   c - Conjure Flame                  Conjuration/Fire             3
   d - Inner Flame                    Hexes/Fire                   3
   e - Sticky Flame                   Conjuration/Fire             4
   f - Fireball                       Conjuration/Fire             5
Comestibles
 c - a bread ration


   Skills:
 * Level 3.0 Armour
 - Level 1.5 Dodging
 - Level 3.0 Stealth
 * Level 3.8 Spellcasting
 * Level 3.7 Conjurations
 * Level 4.9 Fire Magic


You had 9 spell levels left.
You knew the following spells:

 Your Spells              Type           Power        Failure   Level  Hunger
a - Flame Tongue          Conj/Fire      ###..        1%          1    None


Dungeon Overview and Level Annotations

Branches:
Dungeon (1/1)

Altars:
Cheibriados
Dithmenos
Elyvilon
Fedhas
Gozag
Kikubaaqudgha
Makhleb
Nemelex Xobeh
Okawaru
Qazlal
Ru
Sif Muna
Trog
Vehumet
Xom
Yredelemnul
Zin
The Shining One
Beogh
Jiyva
Lugonu


Innate Abilities, Weirdness & Mutations

You cannot wear boots.
Your serpentine skin is tough (AC +1).
You have supernaturally acute eyesight.
Armour fits poorly on your strangely shaped body.
Your system is resistant to poisons.
You cover ground very slowly.
You have a slow metabolism.
You can spit poison.


Message History

Aim: an unseen horror (heavily wounded, slightly transparent)
The splash of poison hits the unseen horror.
The unseen horror is poisoned.
The unseen horror is heavily wounded.
You feel slightly more hungry. The unseen horror closely misses you.
You barely miss the unseen horror.
The unseen horror is heavily wounded.
The unseen horror hits you!
Attack whom?
Press: ? - help, Dir - move target cursor, f/p - unseen horror
Aim: an unseen horror (severely wounded, poisoned, slightly transparent)
You reach to attack!
You hit the unseen horror but do no damage.
The unseen horror looks even sicker.
The unseen horror is severely wounded.
You have got your breath back.
The unseen horror hits you! x2
* * * LOW HITPOINT WARNING * * *
The unseen horror hits you.
You die...

▓.▓
▓.▓
▓.▓
▓.▓
▓.▓
▓.▓
▓x▓
▓@▓
▓.▓
▓.▓
▓[▓
▓)▓
▓)▓
▓|▓
▓.▓
▓.▓


You could see an unseen horror (invisible).

Vanquished Creatures
  A jelly (D)
  A worker ant (D)
  2 orcs (D)
  2 bats (D)
  A goblin (D)
  A hobgoblin (D)
  2 kobolds (D)
  A jackal (D)
  4 rats (D)
15 creatures vanquished.

Notes
Turn   | Place    | Note
--------------------------------------------------------------
     0 | D        | hexophile the Naga Fire Elementalist began the quest for the Orb.
     0 | D        | Reached XP level 1. HP: 15/15 MP: 3/3
    15 | D        | Reached skill level 1 in Armour
   118 | D        | Reached XP level 2. HP: 19/22 MP: 0/5
   393 | D        | Found a glowing silver altar of Zin.
   393 | D        | Found a glowing golden altar of the Shining One.
   393 | D        | Found an ancient bone altar of Kikubaaqudgha.
   393 | D        | Found a basalt altar of Yredelemnul.
   393 | D        | Found a shimmering altar of Xom.
   393 | D        | Found a radiant altar of Vehumet.
   394 | D        | Found an iron altar of Okawaru.
   395 | D        | Found a burning altar of Makhleb.
   396 | D        | Found a deep blue altar of Sif Muna.
   397 | D        | Found a bloodstained altar of Trog.
   398 | D        | Found a sparkling altar of Nemelex Xobeh.
   399 | D        | Found a white marble altar of Elyvilon.
   400 | D        | Found a roughly hewn altar of Beogh.
   401 | D        | Found a viscous altar of Jiyva.
   402 | D        | Found a corrupted altar of Lugonu.
   403 | D        | Found a blossoming altar of Fedhas.
   404 | D        | Found a snail-covered altar of Cheibriados.
   405 | D        | Found a shadowy altar of Dithmenos.
   406 | D        | Found a stormy altar of Qazlal.
   407 | D        | Found an opulent altar of Gozag.
   408 | D        | Found a sacrificial altar of Ru.
   412 | D        | Became a worshipper of Cheibriados the Contemplative
   455 | D        | Noticed an unseen horror
   455 | D        | Noticed a jelly
   455 | D        | Noticed a worker ant
   470 | D        | Killed a worker ant
   470 | D        | Reached skill level 4 in Fire Magic
   470 | D        | Reached XP level 3. HP: 28/28 MP: 5/7
   470 | D        | Killed a jelly
   470 | D        | Acquired Cheibriados's first power
   470 | D        | Reached XP level 4. HP: 36/36 MP: 5/9
   476 | D        | Slain by an unseen horror

Vault maps used:
D:        linesprint

Action                   |  1- 3 |  4- 6 || total
-------------------------+-------+-------++-------
Melee: Unarmed           |     6 |       ||     6
       Club              |     8 |       ||     8
       Halberd           |       |     2 ||     2
 Cast: Flame Tongue      |     9 |       ||     9
 Abil: Spit Poison       |     4 |     1 ||     5
Evoke: Wand              |       |     2 ||     2
